 Dungeon Crawl Stone Soup version 0.27-a0-819-g058290f16d (webtiles) character file.

Game seed: 13452701946630817167

80 robertstho the Magician (level 4, -4/31 HPs)
             Began as a Djinni Ice Elementalist on Mar 29, 2021.
             Slain by a goblin
             ... wielding a +0 club
              (5 damage)
             ... on level 2 of the Dungeon.
             The game lasted 00:04:06 (3347 turns).

robertstho the Magician (Djinni Ice Elementalist)   Turns: 3347, Time: 00:04:06

Health: -4/31      AC:  2    Str:  7    XL:     4   Next: 39%
Gold:   42         EV: 12    Int: 17    God:
                   SH:  0    Dex: 14

rFire    + + .     SeeInvis .   e - +0 dagger (venom)
rCold    x . .     Faith    .   (no shield)
rNeg     . . .     Spirit   .   a - +0 robe
rPois    ∞         Reflect  .   (no helmet)
rElec    .         Harm     .   (no cloak)
rCorr    .         Rampage  .   (no gloves)
Will     .....                  (boots unavailable)
Stlth    ++........             (no amulet)
HPRegen  0.10/turn              (no ring)
MPRegen  0.00/turn              (no ring)

@: flying
A: fire resistance 2, cold vulnerability 1, float, innate caster, hp casting,
extra vitality 1
a: no special abilities


You were on level 2 of the Dungeon.
You visited 1 branch of the dungeon, and saw 2 of its levels.

You collected 64 gold pieces.
You spent 22 gold pieces at shops.

Inventory:

Hand Weapons
 e - a +0 dagger of venom (weapon)
Armour
 a - a +0 robe (worn)
Scrolls
 b - a scroll of enchant armour {unknown}
 c - a scroll of immolation {unknown}
 d - a scroll of enchant weapon
Potions
 f - a potion of brilliance
 g - a potion of curing {unknown}


   Skills:
 * Level 0.9 Fighting
 + Level 0.4 Short Blades
 + Level 2.3 Dodging
 + Level 1.8 Stealth
 * Level 4.6 Spellcasting


You couldn't memorise any spells.
You knew the following spells:

 Your Spells              Type           Power      Damage    Failure   Level
a - Freeze                Ice            76%        1d9       2%          1
b - Frozen Ramparts       Ice            38%        1d5       7%          3
c - Ozocubu's Armour      Ice            19%        N/A       7%          3
d - Hailstorm             Conj/Ice       19%        3d6       22%         4
e - Summon Ice Beast      Ice/Summ       19%        N/A       22%         4
f - Sandblast             Erth           38%        2d10      2%          1
Your spell library was empty.

Dungeon Overview and Level Annotations

Branches:
Dungeon (2/15)

Altars:

Shops:
D:1 *


Innate Abilities, Weirdness & Mutations

You are immune to poison.
Your flesh is very heat resistant. (rF++)
You are vulnerable to cold. (rC-)
You float through the air rather than walking.
You learn spells naturally, not from books.
Your magical power is your life essence.
You have superior vitality. (+4 HP)


Message History

The worm is severely wounded.
You kill the worm!
Key pressed, stopping explore.
Found a gnarled runed staff.
You see here a staff of death.
You see here a staff of death.
A goblin comes into view. It is wielding a +0 club.
The goblin shouts!
The goblin unwields a +0 club.
The goblin wields a +1 hunting sling of freezing.
It is covered in frost.
The goblin shoots a sling bullet.
The sling bullet hits you. The sling bullet freezes you.
A goblin is nearby!
A goblin is nearby!
A goblin is nearby!
A goblin is nearby!
The goblin shoots a sling bullet.
The sling bullet barely misses you.
The goblin shoots a sling bullet.
The sling bullet hits you. The sling bullet freezes you.
The goblin shoots a sling bullet.
The sling bullet hits you. The sling bullet freezes you.
You are too injured to fight recklessly!
You are too injured to fight recklessly!
You are too injured to fight recklessly!
You are too injured to fight recklessly!
The goblin shoots a sling bullet.
The sling bullet hits you. The sling bullet freezes you.
* * * LOW HITPOINT WARNING * * *
The goblin shoots a sling bullet.
The sling bullet hits you.
* * * LOW HITPOINT WARNING * * *
The sling bullet freezes you.
* * * LOW HITPOINT WARNING * * *
The goblin unwields a +1 hunting sling of freezing.
The goblin wields a +0 club.
The goblin hits you with a +0 club.
* * * LOW HITPOINT WARNING * * *
Casting: Frozen Ramparts (quite dangerous; 7% risk of failure)
Confirm with . or Enter, or press ? or * to list all spells.
You don't have enough health to cast this spell.
The goblin hits you with a +0 club.
You die...

.######..######.#
#.# #.......... #.#
##.######.. #.#
#.#....... #.#
#.##.#.... #.#
#.##.#..## #.#
##.##.#..#
##.######.......|##
#g@...........#....
###############..##
####


You could see a goblin.

Vanquished Creatures
  3 gnolls (D:2)
  2 worms (D:2)
  6 ball pythons
  5 endoplasms
  A giant cockroach (D:1)
  5 goblins
  A hobgoblin (D:1)
  6 jackals
  2 quokkas
  6 bats
  5 kobolds
42 creatures vanquished.

Notes
Turn   | Place    | Note
-------+----------+-------------------------------------------
     0 | D:1      | robertstho the Djinni Ice Elementalist began the quest for
                  | the Orb.
     0 | D:1      | Reached XP level 1. HP: 15/15 MP: 0/0
   542 | D:1      | Reached XP level 2. HP: 18/21 MP: 0/0
   672 | D:1      | Reached skill level 4 in Spellcasting
   797 | D:1      | Found Veawn's General Store.
   800 | D:1      | Bought a scroll of identify for 22 gold pieces
  1587 | D:1      | Reached XP level 3. HP: 25/25 MP: 0/0
  1587 | D:1      | Learned a level 1 spell: Sandblast
  2528 | D:2      | Reached XP level 4. HP: 15/31 MP: 0/0
  3346 | D:2      | HP: 1/31 [goblin/+0 club (3)]
  3347 | D:2      | Slain by a goblin

Illustrated notes

Levels and vault maps discovered:
D:1:      grunt_arrival_crossed_arrows, layout_basic, serial_shops,
          nicolae_shop_behind_doors
D:2:      layout_basic, st_stairs_12, grunt_ministairs_11,
          evilmike_ruin_ashenzari

Skill      XL: |  1  2 |
---------------+-------+-----
Spellcasting   | 4 |  4.6
Fighting       | |  0.9
Short Blades   | |  0.4
Dodging        | |  2.3
Stealth        | |  1.8

Action                   |  1- 3 |  4- 6 || total
-------------------------+-------+-------++-------
Melee: Dagger            |    41 |    20 ||    61
       Unarmed           |     1 |       ||     1
 Cast: Freeze            |    38 |       ||    38
       Frozen Ramparts   |     5 |     2 ||     7
       Ozocubu's Armour  |     1 |     1 ||     2
  Use: Scroll            |     4 |       ||     4
 Stab: Sleeping          |     4 |       ||     4
Armor: Robe              |    15 |     3 ||    18
Dodge: Dodged            |    55 |    14 ||    69

Table legend: (Time is in decaauts)
 A = Elapsed time spent in this place.
 B = Non-inter-level travel time spent in this place.
 C = Inter-level travel time spent in this place.
 D = Time resting spent in this place.
 E = Time spent auto-exploring this place.
 F = Levels seen in this place.
 G = Mean time per level.
                   A        B        C        D        E       F      G
               +--------+--------+--------+--------+--------+-----+--------+
         Total |   3346 |   3272 |     74 |    980 |   1964 |   2 | 1673.0 |
       Dungeon |   3346 |   3272 |     74 |    980 |   1964 |   2 | 1673.0 |
               +--------+--------+--------+--------+--------+-----+--------+

Top non-repeatable levels by time:
     D:1: 1922 daAuts
     D:2: 1424 daAuts
